 Dungeon Crawl Stone Soup version 0.29-a0-234-g0dae59b3db (webtiles) character file.

Game seed: 6053332414523052915

247 PaleWalker the Chopper (level 5, -2/48 HPs)
             Began as a Minotaur Berserker on Mar 2, 2022.
             Was a Priest of Trog.
             Slain by an orc priest
             ... wielding a +0 dagger
              (4 damage)
             ... on level 4 of the Dungeon.
             The game lasted 00:08:57 (2918 turns).

PaleWalker the Chopper (Minotaur Berserker)         Turns: 2918, Time: 00:08:57

Health: -2/48      AC:  5    Str: 24    XL:     5   Next: 85%
Magic:  4/4        EV: 11    Int:  4    God:    Trog [***...]
Gold:   127        SH:  0    Dex:  9    Spells: 4/4 levels left

rFire   + . .      SeeInvis .   a - +0 hand axe
rCold   . . .      Faith    .   (no shield)
rNeg    . . .      Spirit   .   n - +2 leather armour {rF+}
rPois   .          Reflect  .   (helmet restricted)
rElec   .          Harm     .   (no cloak)
rCorr   .          Rampage  .   (no gloves)
Will    ++...                   (no boots)
Stlth   +.........              (no amulet)
HPRegen 1.16/turn               (no ring)
MPRegen 0.09/turn               (no ring)

@: strong-willed, on berserk cooldown, regenerating, slowed, very slow
A: horns 2, retaliatory headbutt
a: Renounce Religion, Berserk, Trog's Hand


You were on level 4 of the Dungeon.
You worshipped Trog.
Trog was most pleased with you.
You visited 1 branch of the dungeon, and saw 4 of its levels.

You collected 127 gold pieces.

Inventory:

Hand Weapons
 a - a +0 hand axe (weapon)
 i - a +3 mace of holy wrath
Armour
 n - a +2 leather armour of fire resistance (worn)
Wands
 m - a wand of paralysis (6)
Scrolls
 e - a scroll of noise {unknown}
 f - 2 scrolls of teleportation {unknown}
 h - 2 scrolls of identify {unknown}
 j - a scroll of enchant armour {unknown}
 k - a scroll of magic mapping {unknown}
Potions
 c - 3 potions of mutation {unknown}
 d - 2 potions of heal wounds {unknown}
 l - a potion of brilliance {unknown}


   Skills:
 + Level 5.4 Fighting
 * Level 6.9 Axes
 - Level 2.4 Armour
 - Level 2.1 Dodging


You had 4 spell levels left.
You didn't know any spells.
Your spell library was empty.

Dungeon Overview and Level Annotations

Branches:
Dungeon (4/15)
 Temple: D:4-7

Altars:
Qazlal

Annotations:
D:4 Menkaure


Innate Abilities, Weirdness & Mutations

You have a pair of horns on your head.
You reflexively headbutt those who attack you in melee.


Message History

Okay, then.
You start removing your armour.
You continue taking off your +0 ring mail. x4
You finish taking off your +0 ring mail.
You start putting on your armour.
You continue putting on your +2 leather armour of fire resistance. x5
You finish putting on your +2 leather armour of fire resistance.
You feel resistant to fire.
You drop a +0 animal skin.
You drop a +0 ring mail.
There is a stone staircase leading down here.
You start resting.
HP restored.
Your skin crawls.
You feel strong-willed.
A red film seems to cover your vision as you go berserk!
You feel yourself moving faster!
You feel mighty!
You feel a strong urge to attack something.
You climb downwards.
Level annotation: Menkaure
There is a stone staircase leading up here.
You feel your anger nearly subside.
You are no longer berserk.
You are exhausted.
You feel yourself slow down.
An orc priest comes into view. It is wielding a +0 flail.
Found a stone staircase leading up.
The orc priest shouts!
You hear a shout! x2
You see here 13 gold pieces.
The orc priest calls down the wrath of Beogh upon you.
Beogh smites you!
An orc priest comes into view. It is wielding a +0 dagger.
You closely miss Menkaure.
Menkaure gestures wildly while chanting.
Menkaure seems to speed up.
You hit Menkaure.
Menkaure is lightly damaged.
You completely miss the orc priest. Menkaure hits you!! Menkaure hits you!
* * * LOW HITPOINT WARNING * * *
The orc priest hits you with a +0 dagger.
You die...

... .#..# ....#
..#.# ##.#.##? #
####....... #..
#...#.#.# .
#...#.#..#o###....
##....<..$@Mo..<..
####.########...#
#.# # #.# #.# #.#
#.# #.


You could see Menkaure (fast) and 2 orc priests.

Vanquished Creatures
  An orc priest (D:3)
  Robin (D:3)
  An adder (D:2)
  11 gnolls
  A dart slug (D:1)
  3 orcs
  6 endoplasms
  3 giant cockroaches
  10 hobgoblins
  6 jackals
  3 kobolds
  2 quokkas
  9 ball pythons
  4 bats
  6 frilled lizards
  12 goblins
  6 rats
85 creatures vanquished.

Notes
Turn   | Place    | Note
-------+----------+-------------------------------------------
     0 | D:1      | PaleWalker the Minotaur Berserker began the quest for the
                  | Orb.
     0 | D:1      | Reached XP level 1. HP: 19/19 MP: 0/0
    77 | D:1      | Reached skill level 4 in Axes
   132 | D:1      | Reached XP level 2. HP: 27/27 MP: 1/1
   488 | D:1      | Found a faded altar of an unknown god.
   522 | D:1      | Reached ** piety under Trog
   577 | D:1      | Reached XP level 3. HP: 33/33 MP: 2/2
   923 | D:2      | Reached skill level 5 in Axes
  1122 | D:2      | Reached XP level 4. HP: 29/41 MP: 3/3
  1706 | D:2      | Reached skill level 6 in Axes
  1736 | D:2      | Found a stormy altar of Qazlal.
  1755 | D:3      | Found a stormy altar of Qazlal.
  1869 | D:3      | Noticed Robin
  1872 | D:3      | Reached XP level 5. HP: 47/47 MP: 4/4
  1883 | D:3      | Killed Robin
  1884 | D:3      | Reached skill level 5 in Fighting
  1893 | D:3      | Reached *** piety under Trog
  2732 | D:4      | Noticed Menkaure
  2918 | D:4      | HP: 2/48 [Menkaure (16)]
  2918 | D:4      | Slain by an orc priest

Illustrated notes

Levels and vault maps discovered:
D:1:      wheals_arrival_linesprint, layout_rooms,
          hellmonk_ecumenical_altar_slurped_away
D:2:      layout_loops_ring, basic_altar
D:3:      layout_loops_ring, amcnicky_altar_gilded, hex_large, uniq_robin
D:4:      minmay_diamond_boxcup, layout_loops_ring, minmay_misc_feat_hallway,
          uniq_sigmund, uniq_crazy_yiuf_cottage, uniq_menkaure

Skill      XL: |  1  2  3  4  5 |
---------------+----------------+-----
Axes           | 4 5 6 |  6.9
Fighting       | 4 5 |  5.4
Armour         | |  2.4
Dodging        | |  2.1

Action                   |  1- 3 |  4- 6 || total
-------------------------+-------+-------++-------
Melee: Hand axe          |    73 |    74 ||   147
       Headbutt          |     7 |     6 ||    13
       Punch             |     1 |     1 ||     2
Invok: Berserk           |     1 |     4 ||     5
       Trog's Hand       |       |     1 ||     1
 Stab: Sleeping          |       |     1 ||     1
Armor: Animal skin       |     7 |       ||     7
       Ring mail         |       |    19 ||    19
Dodge: Dodged            |    47 |    43 ||    90

Table legend: (Time is in decaauts)
 A = Elapsed time spent in this place.
 B = Non-inter-level travel time spent in this place.
 C = Inter-level travel time spent in this place.
 D = Time resting spent in this place.
 E = Time spent auto-exploring this place.
 F = Levels seen in this place.
 G = Mean time per level.
                   A        B        C        D        E       F      G
               +--------+--------+--------+--------+--------+-----+--------+
         Total |   2960 |   2867 |     93 |    518 |   1890 |   4 |  740.0 |
       Dungeon |   2960 |   2867 |     93 |    518 |   1890 |   4 |  740.0 |
               +--------+--------+--------+--------+--------+-----+--------+

Top non-repeatable levels by time:
     D:3: 1161 daAuts
     D:2: 957 daAuts
     D:1: 822 daAuts
     D:4: 19 daAuts
